 Dungeon Crawl Stone Soup version 0.26.1-11-gd32895ea62 (webtiles) character file.

Game seed: 7055447243041794724

607938 ABBCCCDDDD the Slayer (level 26, -5/176 (184) HPs)
             Began as a Purple Draconian Transmuter on July 15, 2021.
             Was the Champion of Ru.
             Killed from afar by a black draconian (11 damage)
             ... with a bolt of lightning
             ... on level 5 of the Realm of Zot.
             The game lasted 05:09:31 (102512 turns).

ABBCCCDDDD the Slayer (DrTm)                      Turns: 102512, Time: 05:09:31

HP:   -5/176 (184)  AC: 14    Str: 14    XL:     26   Next: 67%
MP:   37/37         EV: 17    Int: 24    God:    Ru [******]
Gold: 7682          SH:  0    Dex: 12    Spells: 3/55 levels left

rFire    + + .     SeeInvis .     - Unarmed
rCold    + + .     Faith    .   (shield currently unavailable)
rNeg     + + +     Spirit   .   (armour unavailable)
rPois    ∞         Reflect  .   (helmet currently unavailable)
rElec    +         Harm     .   (cloak currently unavailable)
rCorr    +         Rampage  .   (gloves currently unavailable)
Will     +++..                  (boots currently unavailable)
Stlth    ..........             (amulet currently unavailable)
HPRegen  0.39/turn              (ring currently unavailable)
MPRegen  0.25/turn              (ring currently unavailable)

@: exhausted, about to teleport, wisp-form, silence, marked, no potions,
corroded, flying, studying Staves, lightly drained, quick
A: tiny, (breathe power), unfitting armour, clever 1, frail 3, low mp 1, weak 1,
no stealth, inability to use devices, hated by all, inability to train dodging,
MP-powered wands, AC +12
0: Orb of Zot
}: 3/15 runes: serpentine, barnacled, slimy
a: Stop Flying, Renounce Religion


You were on level 5 of the Realm of Zot.
You worshipped Ru.
Ru was exalted by your worship.
You were an insubstantial wisp.
You visited 10 branches of the dungeon, and saw 53 of its levels.
You visited 1 bazaar.
You also visited: Ossuary, Bailey, Gauntlet and Wizlab.

You collected 9482 gold pieces.
You spent 1800 gold pieces at shops.

Inventory:

Missiles
 i - 140 poisoned darts (quivered)
 t - 6 throwing nets
Armour
 j - a +2 cloak of poison resistance (melded)
 o - a +1 pair of gloves of dexterity (melded)
 z - a +2 pair of boots
 K - the +1 pair of boots of the Haunted Slorg (melded) {SInv}
   (You acquired it on level 6 of the Lair of Beasts)

   It lets you see invisible.
 S - a +1 cloak of willpower
Jewellery
 n - the amulet "Eclooqo" (melded) {Faith rElec rN++ Int+2}
   (You found it in a Gauntlet)

   [amulet of faith]

   It allows you to gain divine favour quickly.
   It affects your intelligence (+2).
   It insulates you from electricity.
   It greatly protects you from negative energy.
 w - an uncursed ring of ice
 y - an uncursed ring of positive energy
 D - a +4 ring of slaying
 F - the ring of the Hare (melded) {EV+8}
   (You found it on level 2 of the Lair of Beasts)

   [ring of evasion]

   It affects your evasion (+8).
 M - the ring of Wishful Thinking {*Slow rElec rF+ Will+ Stlth+}
   (You took it off a deep elf annihilator on level 3 of the Elven Halls)

   [ring of protection from fire]

   It protects you from fire.
   It insulates you from electricity.
   It affects your willpower, your defense against some magical effects.
   It may slow you when you take damage.
   It makes you more stealthy.
 N - the cursed ring of Mysticism {rElec Str-4 Int+2}
   (You found it on level 5 of the Pits of Slime)

   [ring of strength]

   It affects your strength (-4).
   It affects your intelligence (+2).
   It insulates you from electricity.
   It has a curse placed upon it.
 Q - the ring of Gicued {rF- Str+2 Dex+6 Slay+2}
   (You found it on level 1 of the Vaults)

   [ring of dexterity]

   It affects your strength (+2).
   It affects your dexterity (+6).
   It affects your accuracy and damage with ranged weapons and melee attacks
   (+2).
   It makes you vulnerable to fire.
 R - the amulet of Vitality {Regen+ HP+15}
   (You took it off a deep elf demonologist on level 3 of the Elven Halls)

   [amulet of regeneration]

   It affects your health (+15).
   It increases your rate of regeneration.
 T - an uncursed ring of protection from fire
 U - the ring "Sokh" (melded) {+Fly rF+ Str+6}
   (You took it off a deep elf death mage on level 3 of the Elven Halls)

   [ring of strength]

   It affects your strength (+6).
   It protects you from fire.
   It lets you fly.
 W - a +4 ring of protection
Scrolls
 a - 7 scrolls of teleportation
 e - 5 scrolls of silence
 f - 10 scrolls of amnesia
 h - 24 scrolls of remove curse
 q - 2 scrolls of fog
 r - 8 scrolls of immolation
 v - 3 scrolls of identify
 A - 2 scrolls of magic mapping
 B - 4 scrolls of holy word
 G - 3 scrolls of torment
 J - 2 scrolls of brand weapon
 L - 5 scrolls of vulnerability
 O - 3 scrolls of enchant weapon
 P - 9 scrolls of enchant armour
 V - 8 scrolls of fear
Potions
 b - 10 potions of mutation
 c - 3 potions of magic
 d - 7 potions of lignification
 k - 3 potions of attraction
 l - 15 potions of curing
 m - 5 potions of might
 p - 3 potions of heal wounds
 u - 3 potions of cancellation
 x - 14 potions of brilliance
 C - a potion of haste
 E - 2 potions of berserk rage
 H - 10 potions of flight
 I - 5 potions of ambrosia
 X - a potion of invisibility
 Y - a potion of resistance
Books
 s - a manual of Staves


   Skills:
 * Level 26.5 Fighting
 * Level 25.9 Unarmed Combat
 - Level 15.0 Spellcasting
 - Level 10.0 Conjurations
 - Level 11.0 Hexes
 - Level 3.0 Translocations
 + Level 18.5 Transmutations
 - Level 2.0 Ice Magic
 - Level 6.0 Air Magic
 - Level 8.0 Earth Magic
 - Level 10.0 Poison Magic


You had 3 spell levels left.
You knew the following spells:

 Your Spells              Type           Power        Failure   Level
a - Beastly Appendage     Tmut           100%         0%          1
b - Poisonous Vapours     Pois/Air       100%         1%          2
c - Ensorcelled Hibernat  Hex/Ice        98%          1%          2
d - Blade Hands           Tmut           41%          1%          5
e - Blink                 Tloc           N/A          1%          2
f - Olgreb's Toxic Radia  Pois           60%          1%          4
g - Silence               Hex/Air        28%          2%          5
h - Ozocubu's Armour      Ice            27%          4%          3
i - Eringya's Noxious Bo  Tmut/Pois      36%          1%          6
j - Irradiate             Conj/Tmut      36%          1%          5
k - Statue Form           Tmut/Erth      46%          1%          6
l - Swiftness             Air            46%          1%          2
m - Dragon Form           Tmut           41%          1%          7
n - Wereblood             Tmut           82%          0%          2

Your spell library contained the following spells:

 Spells                   Type           Power        Failure   Level
 Sting                    Tmut/Pois      100%         0%          1
 Apportation              Tloc           64%          1%          1
 Corona                   Hex            70%          1%          1
 Foxfire                  Conj/Fire      100%         1%          1
 Freeze                   Ice            100%         1%          1
 Magic Dart               Conj           100%         1%          1
 Sandblast                Erth           100%         1%          1
 Shock                    Conj/Air       100%         1%          1
 Corpse Rot               Necr/Air       N/A          1%          2
 Passwall                 Tmut/Erth      57%          1%          2
 Searing Ray              Conj           100%         1%          2
 Slow                     Hex            63%          1%          2
 Confusing Touch          Hex            63%          1%          3
 Conjure Flame            Conj/Fire      42%          1%          3
 Dazzling Flash           Conj/Hex       100%         1%          3
 Ignite Poison            Fire/Tmut/Pois 59%          1%          3
 Mephitic Cloud           Conj/Pois/Air  56%          1%          3
 Portal Projectile        Hex/Tloc       100%         1%          3
 Spider Form              Tmut/Pois      36%          1%          3
 Static Discharge         Conj/Air       54%          1%          3
 Stone Arrow              Conj/Erth      100%         1%          3
 Gell's Gravitas          Tloc           16%          2%          3
 Lesser Beckoning         Tloc           16%          2%          3
 Teleport Other           Tloc           32%          2%          3
 Sublimation of Blood     Necr           9%           4%          2
 Frozen Ramparts          Ice            54%          4%          3
 Cause Fear               Hex            31%          1%          4
 Ice Form                 Ice/Tmut       61%          1%          4
 Leda's Liquefaction      Hex/Erth       29%          1%          4
 Petrify                  Tmut/Erth      69%          1%          4
 Alistair's Intoxication  Tmut/Pois      48%          1%          5
 Yara's Violent Unravell  Hex/Tmut       36%          1%          5
 Hydra Form               Tmut           41%          1%          6
 Hailstorm                Conj/Ice       46%          2%          4
 Lee's Rapid Deconstruct  Erth           27%          3%          5
 Invisibility             Hex            63%          5%          6
 Metabolic Englaciation   Hex/Ice        24%          6%          5
 Bolt of Magma            Conj/Fire/Erth 23%          8%          5
 Passage of Golubria      Tloc           N/A          9%          4
 Iron Shot                Conj/Erth      28%          12%         6
 Borgnjor's Vile Clutch   Necr/Erth      18%          17%         5
 Conjure Ball Lightning   Conj/Air       27%          19%         6
 Freezing Cloud           Conj/Ice/Air   23%          38%         6
 Ozocubu's Refrigeration  Ice            13%          91%         6
 Discord                  Hex            31%          92%         8
 Necromutation            Tmut/Necr      29%          99%         8
 Borgnjor's Revivificati  Necr           9%           100%        8
 Death's Door             Necr           9%           100%        9
 Shatter                  Erth           27%          100%        9
 Tornado                  Air            23%          100%        9
 Summon Guardian Golem    Hex/Summ       Unusable     N/A         3
 Tukima's Dance           Hex            Unusable     N/A         3
 Call Imp                 Summ           Unusable     N/A         2
 Summon Lightning Spire   Summ/Air       Unusable     N/A         4
 Summon Mana Viper        Hex/Summ       Unusable     N/A         5
 Summon Ice Beast         Ice/Summ       Unusable     N/A         4
 Animate Dead             Necr           Unusable     N/A         4
 Summon Forest            Summ/Tloc      Unusable     N/A         5
 Summon Demon             Summ           Unusable     N/A         5
 Simulacrum               Ice/Necr       Unusable     N/A         6
 Death Channel            Necr           Unusable     N/A         6
 Shadow Creatures         Summ           Unusable     N/A         6
 Haunt                    Necr/Summ      Unusable     N/A         7
 Malign Gateway           Summ/Tloc      Unusable     N/A         7
 Monstrous Menagerie      Summ           Unusable     N/A         7
 Summon Greater Demon     Summ           Unusable     N/A         7
 Summon Hydra             Summ           Unusable     N/A         7
 Infestation              Necr           Unusable     N/A         8
 Summon Horrible Things   Summ           Unusable     N/A         8
 Dragon's Call            Summ           Unusable     N/A         9

Dungeon Overview and Level Annotations

Branches:
Dungeon (15/15)            Temple (0/1) D:7            Lair (6/6) D:10
 Shoals (4/4) Lair:4        Snake (4/4) Lair:3        Slime (5/5) Lair:6
    Orc (2/2) D:10            Elf (3/3) Orc:2        Vaults (4/5) D:13
  Crypt (0/3) Vaults:3     Depths (5/5) D:15            Zot (5/5) Depths:5
Ossuary (visited)          Bailey (visited)          WizLab (visited)
Gauntlet (visited)

Altars:
Ashenzari
Gozag
Hepliaklqana
Makhleb
Ru
Sif Muna
Xom
Beogh
Jiyva
Lugonu

Shops:
D:7 *   D:8 *   D:10 ?   D:14 (   D:15 =   Orc:2 [***   Elf:1 (   Elf:2 (
Elf:3 :?   Snake:2 }=}   Snake:4 *=   Vaults:1 [   Vaults:4 (   Depths:1 !}*
Depths:3 :   Depths:4 [:

Portals:
Hell: Depths:1 Depths:2 Depths:4 Depths:5
Abyss: Depths:1 Depths:3 Depths:4
Pandemonium: Depths:3
Ziggurat: Depths:5
Trove: Elf:3 (give 11 potions of heal wounds)

Annotations:
D:11 2 transporters
D:12 Rupert
Zot:2 2 exclusions
Zot:3 2 exclusions
Zot:4 2 exclusions
Zot:5 2 exclusions


Innate Abilities, Weirdness & Mutations

((You can breathe bolts of dispelling energy.))
((Your rich purple scales are hard. (AC +12)))
You cannot fit into any form of body armour.
((You are cold-blooded and may be slowed by cold attacks.))
You cannot be stealthy.
You cannot study or use magical devices.
You are hated by all.
You cannot train Dodging skill.
Your mind is acute. (Int +2)
You are extremely frail. (-30% HP)
Your magical capacity is low. (-10% MP)
((You are covered in fur. (AC +1)))
You are weak. (Str -2)
You expend magic power (3 MP) to strengthen your wands.


Message History

The klown pie hits you!
Blueberry!
An unnatural silence engulfs you.
* * * LOW HITPOINT WARNING * * *
The electric golem hurls lightning at you.
The bolt of lightning hits you! You resist.
* * * LOW HITPOINT WARNING * * *
The bolt of lightning misses you.
The bolt of lightning misses the electric golem.
You redirect the Killer Klown's attack!
The electric golem barely misses you. x2
The electric golem completely misses you.
The electric golem hits you but does no damage.
The Killer Klown blinks!
The yellow draconian knight gestures at itself while chanting.
The yellow draconian knight flickers and vanishes!
Deactivating autopickup; reactivate with Ctrl-A.
The black draconian breathes lightning at you.
The bolt of lightning hits the electric golem.
The electric golem completely resists.
The bolt of lightning hits you! You resist.
You die...

,,,,,,,,,,,,,,,,,,**
,,,,,,,,,........▓▓
,,,,,,,,..........▓▓
,,,,,,,.......^....▓▓
,,,,,,,.............▓
,,,,,,,.............▓
,,,,,,,............▓*
,,,,,,,...........▓*
**,,,,,.........v▓*
▓▓▓▓▓▓▓▓▓##..d8.▓▓
^^.....^^....pq.§##
##..........dpX.§§##
#.........§§X{.d§§§##
......§.§§§§§..§§§§§#
.....§§§§§§§§.§.§§§§#
.....§§§§§§§§§..§§§§#
.......§§§§§§§.....°#


You could see 2 Killer Klowns, an electric golem, a purple draconian monk, a
black draconian (catching breath), a red draconian, a white draconian and 2 Orb
Guardians.

Vanquished Creatures
  the Royal Jelly (Slime:5)
  4 ancient liches (Zot:5)
  4 orbs of fire
  2 juggernauts (Depths:3)
  10 Killer Klowns (Zot:5)
  Saint Roka (Elf:3)
  4 curse toes
  2 caustic shrikes (Depths:3)
  5 golden dragons
  2 electric golems
  3 liches
  13 tentacled monstrosities
  24 Orb Guardians (Zot:5)
  A deep elf blademaster (Elf:3)
  2 deep elf master archers (Elf:3)
  16 acid blobs
  4 quicksilver dragons
  Frances (Elf:1)
  2 tentacled starspawn (WizLab)
  6 sphinxes
  9 death cobs
  9 storm dragons
  6 shadow dragons
  Donald (Shoals:3)
  Kirke (Shoals:1)
  10 nagarajas
  4 draconian monks
  Roxanne (Shoals:1)
  10 azure jellies
  10 fire giants
  4 tengu reavers
  4 draconian knights
  7 frost giants
  2 ghost moths
  6 vault wardens
  A balrug (Depths:5)
  2 iron dragons
  Aizul (Shoals:4)
  6 deep elf sorcerers
  2 draconian stormcallers
  5 draconian scorchers
  6 deep elf elementalists (Elf:3)
  5 ironheart preservers
  13 stone giants
  A spriggan defender (Depths:2)
  4 vampire knights
  11 draconian annihilators
  7 deep elf demonologists
  30 very ugly things
  10 green draconians
  7 purple draconians
  8 yellow draconians
  A minotaur (Gauntlet)
  6 black draconians
  4 deep elf annihilators (Elf:3)
  7 white draconians
  8 red draconians
  9 spark wasps
  An eidolon (WizLab)
  9 merfolk impalers
  6 ettins
  6 merfolk javelineers
  4 deep elf death magi (Elf:3)
  A green death (Depths:3)
  3 fire dragons
  7 death oozes
  Josephine (D:10)
  13 ice dragons
  6 great orbs of eyes
  14 yaktaur captains
  3 boulder beetles (D:12)
  Harold (D:8)
  Erolcha (D:12)
  8 deep elf high priests
  6 rakshasas
  5 hydras
  5 spriggan air magi
  A hell beast (Depths:2)
  A merfolk avatar (Shoals:1)
  5 catoblepae
  8 merfolk aquamancers
  10 anacondas
  12 centaur warriors
  A satyr (Shoals:3)
  30 dancing weapons
  A queen ant (Gauntlet)
  3 death knights
  22 naga warriors
  18 death yaks
  7 deep troll shamans
  7 tengu warriors
  24 two-headed ogres
  A vampire mage (Depths:1)
  9 ogre magi
  6 deep troll earth magi
  13 hell knights
  9 naga sharpshooters
  3 orc high priests (Orc:2)
  6 spriggan berserkers
  8 shock serpents
  5 spriggans
  Sonja (Lair:3)
  A soul eater (WizLab)
  10 deep elf knights
  4 salamander mystics
  3 iron trolls
  20 sea snakes
  4 skeletal warriors
  17 deep trolls
  3 unseen horrors
  6 wizards
  A naga ritualist (Snake:4)
  3 flayed ghosts
  2 glowing orange brains
  2 necromancers
  3 phantasmal warriors
  10 ironbrand convokers
  Pikel (D:6)
  A large abomination (WizLab)
  12 deep elf archers
  A lindwurm (shapeshifter) (Gauntlet)
  4 wolf spiders
  11 orc knights
  6 orc sorcerers
  22 harpies
  80 ugly things
  11 cyclopes
  A wolf spider zombie (D:13)
  48 deep elf magi
  A worldbinder (WizLab)
  24 salamanders
  4 mana vipers
  A cyclops (shapeshifter) (Vaults:2)
  9 manticores
  5 shining eyes
  A wolf spider (shapeshifter) (Depths:3)
  18 moths of wrath
  5 merfolk sirens
  9 elephants
  Maurice (D:13)
  An apocalypse crab (WizLab)
  24 black mambas
  10 guardian serpents
  A black mamba (shapeshifter) (Depths:3)
  A guardian serpent (shapeshifter) (Vaults:1)
  A rust devil (Depths:2)
  9 vault sentinels
  An eye of devastation (shapeshifter) (Depths:1)
  An orange demon (Depths:3)
  A molten gargoyle (Lair:5)
  15 naga magi
  4 eyes of devastation
  4 water nymphs
  14 cane toads
  A cane toad (shapeshifter) (Depths:5)
  2 kobold demonologists
  9 rime drakes
  Maggie (D:6)
  A demonspawn skeleton (WizLab)
  11 komodo dragons
  43 yaktaurs
  2 efreet (D:13)
  7 freezing wraiths
  3 komodo dragons (shapeshifter)
  3 tengu conjurers
  An ice devil (Depths:2)
  A demonic crawler (WizLab)
  2 red devils
  6 harpy zombies (Shoals:2)
  A jumping spider (shapeshifter) (Vaults:2)
  21 merfolk
  8 trolls
  A meliai (shapeshifter) (Vaults:1)
  3 polar bears
  A wind drake (Shoals:2)
  8 hornets
  A hornet (shapeshifter) (Vaults:2)
  A tengu simulacrum (Vaults:2)
  7 dream sheep
  Grinder (D:6)
  A blink frog (shapeshifter) (Vaults:2)
  26 blink frogs
  10 snapping turtles
  2 raiju (shapeshifter)
  103 slime creatures
  A meliai zombie (D:15)
  2 shadows
  A vampire (D:14)
  3 redbacks (Gauntlet)
  A yak (shapeshifter) (D:15)
  10 wyverns
  11 wraiths
  2 ynoxinuls (Depths:3)
  2 air elementals
  8 humans
  15 water elementals
  66 yaks
  8 basilisks
  2 hogs (D:13)
  A golden eye (Slime:5)
  A fire elemental (Depths:5)
  5 wargs
  7 soldier ants
  71 nagas
  17 water moccasins
  7 sky beasts
  A floating eye (Depths:3)
  6 black bears
  2 ice beasts
  2 black bears (shapeshifter)
  2 necrophages
  47 orc warriors
  28 ogres
  3 eyes of draining
  8 phantoms
  14 boggarts
  18 centaurs
  13 wolves
  A lemure (D:5)
  5 big kobolds
  12 bullfrogs
  2 gnoll sergeants
  2 earth elementals
  4 scorpions
  2 troll zombies (D:10)
  22 wights
  7 howler monkeys
  2 bullfrog zombies
  7 centaur zombies
  6 jellies
  5 quasits
  27 orc priests
  2 gnoll shamans
  9 hounds
  Crazy Yiuf (D:2)
  A bullfrog skeleton (D:7)
  3 centaur skeletons
  21 orc wizards
  6 iguanas
  11 worker ants
  9 hell rats (Lair:4)
  2 big kobold zombies (Ossuary)
  5 ogre zombies (D:10)
  2 small abominations (WizLab)
  3 mummies (Ossuary)
  A hound skeleton (D:10)
  Robin (D:2)
  A worker ant zombie (D:7)
  35 gnolls
  13 adders
  2 shadow imps
  3 white imps
  5 ufetubi
  2 oozes (D:2)
  2 adder zombies
  2 adder skeletons
  2 worms
  A dart slug (D:1)
  4 leopard geckos
  105 orcs
  5 giant cockroaches
  25 goblins
  25 hobgoblins
  2 jackals
  27 kobolds
  2 quokkas
  A ball python (D:4)
  6 bats
  3 frilled lizards
  A goblin zombie (D:10)
  4 hobgoblin skeletons (D:10)
  6 hobgoblin zombies
  A leopard gecko zombie (D:7)
  2 orc skeletons (D:10)
  14 orc zombies (D:10)
  A quokka zombie (D:5)
  4 rats
  A plant (Shoals:3)
  2 starspawn tentacles (WizLab)
2271 creatures vanquished.

Vanquished Creatures (collateral kills)
  2 mummies (Ossuary)
2 creatures vanquished.

Vanquished Creatures (others)
  A merfolk javelineer (Shoals:4)
  A great orb of eyes (Depths:2)
  A dancing weapon (Elf:2)
  A tengu warrior (Depths:2)
  A death yak (Lair:4)
  An unseen horror (D:10)
  A wizard (Depths:3)
  A phantasmal warrior (Depths:3)
  An orc knight (Orc:2)
  An ugly thing (Depths:3)
  A cane toad (Lair:2)
  2 yaktaurs
  A merfolk (Shoals:3)
  A blink frog (WizLab)
  A necrophage (D:10)
  A boggart (Depths:2)
  A wight (D:13)
  An orc (Vaults:3)
  5 demonic plants (Gauntlet)
  43 fungi
  A lurking horror (WizLab)
  121 plants
  4 starspawn tentacles (WizLab)
  8 tentacles
  14 withered plants (Gauntlet)
215 creatures vanquished.

Grand Total: 2488 creatures vanquished

Notes
Turn   | Place    | Note
-------+----------+-------------------------------------------
     0 | D:1      | ABBCCCDDDD the Draconian Transmuter began the quest for the
                  | Orb.
     0 | D:1      | Reached XP level 1. HP: 16/16 MP: 3/3
   416 | D:1      | Reached XP level 2. HP: 23/23 MP: 3/5
  1181 | D:2      | Reached skill level 2 in Fighting
  1185 | D:2      | Noticed a black bear
  1188 | D:2      | Noticed Robin
  1391 | D:2      | Reached XP level 3. HP: 21/29 MP: 4/6
  1936 | D:2      | Reached XP level 4. HP: 21/37 MP: 5/7
  2213 | D:2      | Killed Robin
  2214 | D:2      | Reached skill level 3 in Fighting
  2417 | D:1      | Killed a black bear
  2418 | D:1      | Reached skill level 5 in Unarmed Combat
  2418 | D:1      | Reached XP level 5. HP: 25/45 MP: 8/8
  2955 | D:2      | Reached XP level 6. HP: 38/52 MP: 9/9
  3072 | D:2      | Found a runed translucent door.
  3073 | D:2      | Noticed Crazy Yiuf
  3376 | D:2      | Killed Crazy Yiuf
  3766 | D:3      | Reached skill level 4 in Fighting
  4622 | D:3      | Found an opulent altar of Gozag.
  4851 | D:4      | Your scales start taking on a rich purple colour.
  4851 | D:4      | Reached XP level 7. HP: 54/60 MP: 10/10
  5124 | D:4      | Reached skill level 5 in Fighting
  6024 | D:4      | Reached XP level 8. HP: 26/70 MP: 9/11
  6276 | D:5      | Entered Level 5 of the Dungeon
  6299 | D:5      | Reached skill level 1 in Stealth
  6482 | D:5      | Reached skill level 6 in Fighting
  6763 | D:5      | Found a sacrificial altar of Ru.
  6844 | D:5      | Became a worshipper of Ru the Awakened
  6957 | D:5      | Learned a level 2 spell: Poisonous Vapours
  7174 | D:5      | Learned a level 2 spell: Ensorcelled Hibernation
  7558 | D:6      | Noticed Grinder
  7600 | D:5      | Reached skill level 1 in Hexes
  7600 | D:5      | Reached skill level 1 in Ice Magic
  7652 | D:6      | Noticed Maggie
  7673 | D:6      | Paralysed by Grinder for 2 turns
  7677 | D:6      | Killed Grinder
  7678 | D:6      | Reached XP level 9. HP: 66/78 MP: 13/13
  7895 | D:6      | Found a sand-covered staircase.
  7899 | Ossuary  | Entered an ossuary
  8061 | Ossuary  | Reached skill level 7 in Fighting
  8072 | Ossuary  | Gained mutation: You cannot study or use magical devices.
                  | [Ru sacrifice]
  8072 | Ossuary  | Reached * piety under Ru
  8072 | Ossuary  | Reached ** piety under Ru
  8217 | D:6      | Noticed Pikel
  8233 | D:6      | Killed Pikel
  8234 | D:6      | Reached skill level 1 in Air Magic
  8234 | D:6      | Reached skill level 1 in Poison Magic
  8422 | D:6      | Killed Maggie
  8423 | D:6      | Reached skill level 10 in Unarmed Combat
  8945 | D:6      | Reached skill level 8 in Fighting
  9384 | D:7      | Reached XP level 10. HP: 87/88 MP: 7/16
  9640 | D:7      | Found a burning altar of Makhleb.
  9685 | D:7      | Found a hazy altar of Hepliaklqana.
  9686 | D:7      | Found a shimmering altar of Xom.
  9926 | D:7      | Found a staircase to the Ecumenical Temple.
 10070 | D:7      | Found Biomie Cuma's Assorted Antiques.
 11203 | D:8      | Found Ewuipp's Assorted Antiques.
 11248 | D:8      | Noticed Harold
 11312 | D:8      | Noticed a two-headed ogre
 11566 | D:8      | Found a flagged portal.
 11577 | Bailey   | Entered a bailey
 11612 | Bailey   | Learned a level 5 spell: Blade Hands
 11684 | Bailey   | Gained mutation: You cannot train Dodging skill. [Ru
                  | sacrifice]
 11684 | Bailey   | Reached *** piety under Ru
 11684 | Bailey   | Reached **** piety under Ru
 11684 | Bailey   | Reached ***** piety under Ru
 12522 | D:8      | Killed Harold
 12845 | D:8      | Reached skill level 9 in Fighting
 12961 | D:8      | You fall into a shaft and drop 3 floors!
 12991 | D:10     | Entered Level 10 of the Dungeon
 13356 | D:10     | Found Wuoche Vomn's Magic Scroll Shop.
 13540 | D:10     | Killed an unseen horror
 13882 | D:10     | Killed an unseen horror
 14212 | D:10     | Found a staircase to the Lair.
 14459 | D:9      | Reached XP level 11. HP: 97/97 MP: 11/17
 14495 | D:9      | Identified a scroll of acquirement
 14496 | D:9      | Acquired a book of the Sky
 15007 | D:9      | Gained mutation: You cannot be stealthy. [Ru sacrifice]
 15083 | D:8      | Killed a two-headed ogre
 15084 | D:8      | Reached skill level 5 in Poison Magic
 15730 | Lair:1   | Entered Level 1 of the Lair of Beasts
 15905 | Lair:1   | Reached skill level 5 in Spellcasting
 15916 | Lair:1   | Reached skill level 10 in Fighting
 16201 | Lair:1   | Reached skill level 5 in Transmutations
 17105 | Lair:1   | Learned a level 2 spell: Blink
 17111 | Lair:1   | Noticed a six-headed hydra
 17245 | Lair:1   | Reached skill level 1 in Translocations
 17546 | Lair:2   | Reached skill level 11 in Fighting
 17671 | Lair:2   | Found the ring of the Hare {EV+8}
 17849 | Lair:2   | Reached XP level 12. HP: 50/110 MP: 13/19
 18226 | Lair:2   | Gained mutation: You are hated by all. [Ru sacrifice]
 18226 | Lair:2   | Reached ****** piety under Ru
 18602 | Lair:2   | Noticed a seven-headed hydra
 18622 | Lair:2   | Killed a seven-headed hydra
 18881 | Lair:2   | Reached skill level 12 in Fighting
 19275 | Lair:2   | Learned a level 4 spell: Olgreb's Toxic Radiance
 19952 | Lair:3   | Reached skill level 10 in Transmutations
 20028 | Lair:3   | Found a staircase to the Snake Pit.
 20315 | Lair:3   | Noticed Sonja
 20324 | Lair:3   | Killed Sonja
 20681 | Lair:3   | Learned a level 5 spell: Silence
 21524 | Lair:4   | Noticed a death yak
 21524 | Lair:4   | Noticed a death yak
 21524 | Lair:4   | Noticed a death yak
 21524 | Lair:4   | Noticed a death yak
 21549 | Lair:4   | Killed a death yak
 21550 | Lair:4   | Reached XP level 13. HP: 118/118 MP: 8/20
 21927 | Lair:4   | Reached skill level 5 in Hexes
 22199 | Lair:4   | Found a staircase to the Shoals.
 23090 | Lair:4   | Found a broken altar of Ashenzari.
 24269 | Lair:4   | Learned a level 3 spell: Stone Arrow
 24680 | Lair:5   | Reached skill level 1 in Conjurations
 25370 | Lair:6   | Entered Level 6 of the Lair of Beasts
 25383 | Lair:6   | Reached skill level 13 in Fighting
 25752 | Lair:6   | Reached XP level 14. HP: 129/129 MP: 16/26
 26000 | Lair:6   | Acquired the +1 pair of boots of the Haunted Slorg {SInv}
 26056 | Lair:6   | Found a staircase to the Slime Pits.
 27468 | Lair:6   | Reached skill level 5 in Conjurations
 28129 | Snake:1  | Entered Level 1 of the Snake Pit
 28912 | Snake:1  | Reached skill level 10 in Hexes
 28923 | Snake:1  | Reached skill level 14 in Fighting
 30612 | Snake:2  | Reached XP level 15. HP: 100/139 MP: 9/27
 30753 | Snake:2  | Noticed a nagaraja
 30769 | Snake:2  | Killed a nagaraja
 30948 | Snake:2  | Found Vadworhi's Jewellery Shoppe.
 30949 | Snake:2  | Found Quqon's Gadget Boutique.
 30949 | Snake:2  | Found Qubeckot's Gadget Boutique.
 32056 | Snake:2  | Reached skill level 15 in Fighting
 32930 | Snake:2  | Learned a level 6 spell: Eringya's Noxious Bog
 35947 | Snake:3  | Reached skill level 15 in Unarmed Combat
 36008 | Snake:3  | Got a vibrating sapphire amulet
 36012 | Snake:3  | Identified the amulet of Coomedd {Spirit rF- Int+6} (You
                  | found it on level 3 of the Snake Pit)
 36258 | Snake:3  | Noticed a nagaraja
 36263 | Snake:3  | Killed a nagaraja
 36787 | Snake:4  | Entered Level 4 of the Snake Pit
 36890 | Snake:4  | Found Ireatamisa's General Store.
 38847 | Snake:4  | Found Heukh's Jewellery Boutique.
 39056 | Snake:4  | Noticed a nagaraja
 39056 | Snake:4  | Noticed a nagaraja
 39069 | Snake:4  | Reached skill level 10 in Poison Magic
 39092 | Snake:4  | Reached XP level 16. HP: 99/149 MP: 26/28
 43100 | Snake:4  | Got a serpentine rune of Zot
 43487 | D:10     | Found a staircase to the Orcish Mines.
 43489 | D:10     | Noticed Josephine
 43505 | D:10     | Killed Josephine
 44122 | Orc:1    | Entered Level 1 of the Orcish Mines
 44599 | Orc:1    | Found a roughly hewn altar of Beogh.
 45096 | Orc:2    | Entered Level 2 of the Orcish Mines
 45749 | Orc:2    | Found a staircase to the Elven Halls.
 45845 | Orc:2    | Found Ystije's General Store.
 45919 | Orc:2    | Paralysed by an orc sorcerer for 2 turns
 46597 | Orc:2    | Found Goggirghu's Armour Shop.
 46698 | Orc:2    | Found Querefoc's Assorted Antiques.
 46698 | Orc:2    | Found Cuysh's Assorted Antiques.
 47398 | D:11     | Reached XP level 17. HP: 152/158 MP: 29/29
 47610 | D:11     | Reached skill level 16 in Fighting
 47916 | D:11     | Found a transporter.
 48027 | D:11     | Found a corrupted altar of Lugonu.
 48430 | D:11     | Found a transporter.
 48507 | D:12     | Noticed Erolcha
 48513 | D:12     | Killed Erolcha
 48714 | D:12     | Acquired 595 gold pieces
 49090 | D:12     | Reached skill level 5 in Air Magic
 49303 | D:12     | Found a roughly hewn altar of Beogh.
 49659 | D:12     | Noticed Rupert
 50518 | D:13     | Found a gate leading to a gauntlet.
 50530 | Gauntlet | Entered a Gauntlet
 50530 | Gauntlet | Found a transporter.
 50546 | Gauntlet | Found a transporter.
 50556 | Gauntlet | Found a transporter.
 50558 | Gauntlet | Found a large runed translucent door.
 50558 | Gauntlet | Found a large runed translucent door.
 50559 | Gauntlet | Found a large runed translucent door.
 50559 | Gauntlet | Found a large runed translucent door.
 50560 | Gauntlet | Found a large runed translucent door.
 50560 | Gauntlet | Found a runed translucent door.
 50560 | Gauntlet | Found a large runed translucent door.
 50560 | Gauntlet | Found a runed translucent door.
 50560 | Gauntlet | Found a large runed translucent door.
 50560 | Gauntlet | Found a large runed translucent door.
 50561 | Gauntlet | Found a large runed translucent door.
 50561 | Gauntlet | Found a large runed translucent door.
 50563 | Gauntlet | Found a transporter.
 50578 | Gauntlet | Found a transporter.
 50593 | Gauntlet | Found a large runed translucent door.
 50594 | Gauntlet | Found a large runed translucent door.
 50595 | Gauntlet | Found a large runed translucent door.
 50596 | Gauntlet | Found a runed translucent gate.
 50597 | Gauntlet | Found a transporter.
 50597 | Gauntlet | Found a runed translucent gate.
 50598 | Gauntlet | Found a runed translucent gate.
 50599 | Gauntlet | Found a large runed translucent door.
 50600 | Gauntlet | Found a large runed translucent door.
 50601 | Gauntlet | Found a large runed translucent door.
 50609 | Gauntlet | Found a transporter.
 50621 | Gauntlet | Found a transporter.
 50633 | Gauntlet | Found a transporter.
 50645 | Gauntlet | Found a transporter.
 50662 | Gauntlet | Found a transporter.
 50679 | Gauntlet | Found a transporter.
 50681 | Gauntlet | Found a transporter.
 50710 | Gauntlet | Found a transporter.
 50710 | Gauntlet | Found a transporter.
 50712 | Gauntlet | Found a transporter.
 50740 | Gauntlet | Found a transporter.
 50742 | Gauntlet | Found a transporter.
 50845 | Gauntlet | Acquired An Early Guide to Wizardry
 50869 | Gauntlet | Got a pair of fading gloves
 50945 | Gauntlet | Identified the cursed +0 pair of gloves of Soft Rains
                  | {Rampage Int+3} (You found it in a Gauntlet)
 50967 | Gauntlet | Got a scintillating bronze amulet
 51119 | Gauntlet | Identified the +4 dagger "Gegrug" {venom, *Corrode rElec
                  | rN+ Str+3}
 51857 | D:13     | Noticed Maurice
 51867 | D:13     | Killed Maurice
 51884 | D:13     | Identified the +11 mace "Hellblazer" {venom, *Corrode rElec
                  | Int+3 Dex+8}
 51890 | D:13     | Found a gate to the Vaults.
 52699 | D:14     | Found Udwib's Weapon Boutique.
 53967 | D:15     | Entered Level 15 of the Dungeon
 54719 | D:15     | Reached skill level 17 in Fighting
 55092 | D:15     | Found Byqithir's Jewellery Emporium.
 56023 | D:15     | Found a staircase to the Depths.
 56115 | Vaults:1 | Entered Level 1 of the Vaults
 56124 | Vaults:1 | Reached skill level 10 in Spellcasting
 56215 | Vaults:1 | Reached XP level 18. HP: 155/170 MP: 29/32
 56726 | Vaults:1 | Identified the amulet "Eclooqo" {Faith rElec rN++ Int+2}
                  | (You found it in a Gauntlet)
 58886 | Vaults:1 | Got a scintillating lapis lazuli ring
 58887 | Vaults:1 | Identified the ring of Gicued {rF- Str+2 Dex+6 Slay+2} (You
                  | found it on level 1 of the Vaults)
 59421 | Vaults:1 | Found Fierilir's Antique Armour Shop.
 59611 | Vaults:2 | Reached skill level 18 in Fighting
 62553 | Vaults:2 | Reached XP level 19. HP: 175/177 MP: 30/35
 62879 | Vaults:3 | Found a flickering gateway to a bazaar.
 62891 | Bazaar   | Entered a bazaar
 62905 | Bazaar   | Found Pietonim's Jewellery Shoppe.
 62927 | Bazaar   | Found Axyifoem's Magic Scroll Shoppe.
 62927 | Bazaar   | Found Okhlyveyme's Magic Scroll Emporium.
 62948 | Bazaar   | Found Timianeogh's Antique Weapon Shoppe.
 63217 | Vaults:3 | Found a staircase to the Crypt.
 64252 | Vaults:3 | Reached skill level 19 in Fighting
 65403 | Vaults:4 | Found Dinlilaf's Antique Weapon Shop.
 65943 | Elf:1    | Entered Level 1 of the Elven Halls
 66086 | Elf:1    | Found Wifauxt's Antique Weapon Shop.
 67076 | Elf:1    | Identified the Grimoire of Confrontation and Creation
 67163 | Elf:1    | Noticed Frances
 67182 | Elf:1    | Killed Frances
 67630 | Elf:2    | Found Gypecitt's Weapon Emporium.
 67766 | Elf:2    | Found a shimmering blue altar of Sif Muna.
 67840 | Elf:2    | Found a magical portal.
 67849 | WizLab   | Entered The Roulette of Golubria
 67849 | WizLab   | Found a transporter.
 67852 | WizLab   | Found a corrupted altar of Lugonu.
 67875 | WizLab   | Found a transporter.
 67877 | WizLab   | Found a corrupted altar of Lugonu.
 67889 | WizLab   | Found a transporter.
 67934 | WizLab   | Found a transporter.
 67934 | WizLab   | Found a transporter.
 67961 | WizLab   | Found a corrupted altar of Lugonu.
 67995 | WizLab   | Found a transporter.
 68017 | WizLab   | Found a transporter.
 68026 | WizLab   | Found a transporter.
 68064 | WizLab   | Found a transporter.
 68109 | WizLab   | Found a transporter.
 68198 | WizLab   | Found a transporter.
 68198 | WizLab   | Found a transporter.
 68481 | WizLab   | Found a transporter.
 68481 | WizLab   | Found a transporter.
 68505 | WizLab   | Found a transporter.
 68505 | WizLab   | Found a transporter.
 68730 | Elf:2    | Reached skill level 20 in Fighting
 69021 | Elf:2    | Found a runed translucent gate.
 69021 | Elf:2    | Found a runed translucent gate.
 69052 | Elf:2    | Found a runed translucent gate.
 69143 | Elf:3    | Entered Level 3 of the Elven Halls
 69171 | Elf:3    | Found Ymninwu's Book Boutique.
 69174 | Elf:3    | Found a portal to a secret trove of treasure.
 69203 | Elf:3    | Found Nyacuscha's Magic Scroll Boutique.
 69456 | Elf:3    | Learned a level 5 spell: Irradiate
 69802 | Elf:3    | Reached XP level 20. HP: 148/193 MP: 34/36
 71057 | Elf:3    | Identified the ring of Wishful Thinking {*Slow rElec rF+
                  | Will+ Stlth+}
 71298 | Elf:3    | Identified the cursed +2 great sword of Fimpischerr
                  | {vorpal, rF+ Int+7}
 71453 | Elf:3    | Identified the ring "Sokh" {+Fly rF+ Str+6}
 71514 | Elf:3    | Identified the Tome of Heat and Feathers
 71519 | Elf:3    | Identified the Guide on the Entrancing Mountains
 71534 | Elf:3    | Got a pair of masterwork boots
 71535 | Elf:3    | Identified the +0 pair of boots "Zouc" {Harm Dex+3 SInv}
                  | (You found it on level 3 of the Elven Halls)
 71675 | Elf:3    | Noticed Saint Roka
 71686 | Elf:3    | Killed Saint Roka
 72181 | Elf:2    | Reached skill level 10 in Conjurations
 73340 | Shoals:1 | Entered Level 1 of the Shoals
 73896 | Shoals:1 | Noticed Kirke
 73910 | Shoals:1 | Killed Kirke
 74045 | Shoals:1 | Noticed Roxanne
 74056 | Shoals:1 | Killed Roxanne
 74396 | Shoals:3 | Learned a level 6 spell: Statue Form
 74402 | Shoals:3 | Noticed Donald
 74420 | Shoals:3 | Killed Donald
 74421 | Shoals:3 | Reached skill level 1 in Earth Magic
 74437 | Shoals:3 | Gained mutation: Your magical capacity is low. (-10% MP)
                  | [mutagenic glow]
 74504 | Shoals:4 | Entered Level 4 of the Shoals
 74937 | Shoals:4 | Noticed Aizul
 74953 | Shoals:4 | Killed Aizul
 74954 | Shoals:4 | Reached XP level 21. HP: 103/194 MP: 28/33
 75734 | Shoals:4 | HP: 8/185 [merfolk impaler/+0 trident of freezing (6)]
 76220 | Shoals:4 | Reached skill level 5 in Earth Magic
 76515 | Shoals:4 | Got a barnacled rune of Zot
 77318 | Shoals:2 | Reached skill level 15 in Transmutations
 78350 | Slime:1  | Entered Level 1 of the Pits of Slime
 80181 | Slime:5  | Entered Level 5 of the Pits of Slime
 80253 | Slime:4  | Gained mutation: You are occasionally teleported next to
                  | monsters. [a shining eye]
 80303 | Slime:4  | Lost mutation: Your magical capacity is low. (-10% MP)
                  | [potion of mutation]
 80303 | Slime:4  | Gained mutation: Your magical capacity is low. (-10% MP)
                  | [potion of mutation]
 80303 | Slime:4  | Gained mutation: You passively map a small area around you.
                  | [potion of mutation]
 80304 | Slime:4  | Lost mutation: You are occasionally teleported next to
                  | monsters. [potion of mutation]
 80304 | Slime:4  | Lost mutation: Your magical capacity is low. (-10% MP)
                  | [potion of mutation]
 80304 | Slime:4  | Lost mutation: You passively map a small area around you.
                  | [potion of mutation]
 80304 | Slime:4  | Gained mutation: You are weak. (Str -2) [potion of
                  | mutation]
 80304 | Slime:4  | Gained mutation: You possess an exceptional clarity of
                  | mind. [potion of mutation]
 80305 | Slime:4  | Lost mutation: You are weak. (Str -2) [potion of mutation]
 80305 | Slime:4  | Lost mutation: You possess an exceptional clarity of mind.
                  | [potion of mutation]
 80305 | Slime:4  | Gained mutation: You occasionally shout uncontrollably at
                  | your foes. [potion of mutation]
 80305 | Slime:4  | Gained mutation: You are dopey. (Int -2) [potion of
                  | mutation]
 80305 | Slime:4  | Gained mutation: You are strong-willed. (Will+) [potion of
                  | mutation]
 80306 | Slime:4  | Lost mutation: You occasionally shout uncontrollably at
                  | your foes. [potion of mutation]
 80306 | Slime:4  | Lost mutation: You are strong-willed. (Will+) [potion of
                  | mutation]
 80306 | Slime:4  | Gained mutation: You are agile. (Dex +2) [potion of
                  | mutation]
 80306 | Slime:4  | Lost mutation: You are dopey. (Int -2) [potion of mutation]
 80306 | Slime:4  | Gained mutation: You expend magic power (3 MP) to
                  | strengthen your wands. [potion of mutation]
 81166 | Slime:5  | Gained mutation: You are weak. (Str -2) [a shining eye]
 81492 | Slime:4  | HP: 9/202 [acid (8)]
 81495 | Slime:4  | Found a viscous altar of Jiyva.
 81498 | Slime:4  | HP: 8/193 [acid (8)]
 82769 | Slime:5  | Found a viscous altar of Jiyva.
 82807 | Slime:5  | Noticed the Royal Jelly
 82827 | Slime:5  | Killed the Royal Jelly
 82828 | Slime:5  | Reached XP level 22. HP: 211/211 MP: 33/38
 83723 | Slime:5  | Identified the Papyrus of Feathers
 83748 | Slime:5  | Got a wavering steel ring
 83749 | Slime:5  | Identified the cursed ring of Mysticism {rElec Str-4 Int+2}
                  | (You found it on level 5 of the Pits of Slime)
 83812 | Slime:5  | Got a slimy rune of Zot
 84226 | Depths:1 | Entered Level 1 of the Depths
 84244 | Depths:1 | Found Adekh's Assorted Antiques.
 84247 | Depths:1 | Found Ysydop's Gadget Boutique.
 84249 | Depths:1 | Found Woucuo Gaja's Distillery.
 86187 | Depths:1 | Found a gateway to Hell.
 86211 | Depths:1 | Reached skill level 21 in Fighting
 87136 | Depths:1 | Found a one-way gate to the infinite horrors of the Abyss.
 88659 | Depths:2 | Identified the cursed +1 great mace of Day {chaos, +Blink
                  | rElec Str-5 Int+3 Dex+2}
 90763 | Depths:2 | Noticed a caustic shrike
 90820 | Depths:3 | Reached skill level 15 in Spellcasting
 90828 | Depths:3 | Reached skill level 22 in Fighting
 91165 | Depths:3 | Reached XP level 23. HP: 165/223 MP: 35/42
 91521 | Depths:3 | Learned a level 2 spell: Swiftness
 91877 | Depths:3 | Found Nietan's Book Shop.
 91888 | Depths:3 | Bought a book of the Dragon for 1800 gold pieces
 91896 | Depths:3 | Learned a level 7 spell: Dragon Form
 92005 | Depths:3 | Found a one-way gate leading to the halls of Pandemonium.
 92623 | Depths:3 | Found a runed translucent door.
 92623 | Depths:3 | Found a runed translucent door.
 92654 | Depths:3 | Noticed a juggernaut
 92663 | Depths:3 | Killed a juggernaut
 92663 | Depths:3 | Identified the +5 falchion of the Shallot {vorpal, *Corrode
                  | rElec Int+6}
 92688 | Depths:3 | Got a twitching iron ring
 92689 | Depths:3 | Identified the ring "Wismyqoa" {Str+6 Dex+5} (You found it
                  | on level 3 of the Depths)
 92881 | Depths:4 | Noticed a juggernaut
 92882 | Depths:4 | Noticed a caustic shrike
 92882 | Depths:4 | Noticed a caustic shrike
 92890 | Depths:3 | Killed a caustic shrike
 92892 | Depths:3 | Killed a caustic shrike
 93064 | Depths:3 | Killed a juggernaut
 93117 | Depths:4 | Reached skill level 23 in Fighting
 93384 | Depths:4 | Got a pitted silver ring
 93385 | Depths:4 | Identified the ring of Uskayaw's Favour {*Tele *Slow Dex+3
                  | SInv} (You found it on level 4 of the Depths)
 93717 | Depths:4 | Found Reacets's Book Shoppe.
 93722 | Depths:4 | Found Zaul Juph's Antique Armour Emporium.
 94761 | Depths:5 | Entered Level 5 of the Depths
 94764 | Depths:5 | Reached XP level 24. HP: 235/235 MP: 35/42
 94923 | Depths:5 | Found a gateway to a ziggurat.
 95567 | Depths:5 | Found a gate to the Realm of Zot.
 95622 | Depths:5 | Acquired 789 gold pieces
 95881 | Zot:1    | Entered Level 1 of the Realm of Zot
 96315 | Zot:1    | Lost mutation: You are agile. (Dex +2) [potion of mutation]
 96315 | Zot:1    | Gained mutation: You are covered in fur. (AC +1) [potion of
                  | mutation]
 96315 | Zot:1    | Gained mutation: Your mind is acute. (Int +2) [potion of
                  | mutation]
 96452 | Zot:1    | Learned a level 2 spell: Wereblood
 96530 | Zot:1    | Learned a level 3 spell: Ozocubu's Armour
 96583 | Zot:1    | Noticed an orb of fire
 96593 | Zot:1    | Killed an orb of fire
 96914 | Zot:2    | Reached skill level 24 in Fighting
 97000 | Zot:2    | You are sucked into a shaft and drop 1 floor!
 97800 | Zot:3    | Reached XP level 25. HP: 247/247 MP: 29/42
 98831 | Zot:2    | Noticed an orb of fire
 98839 | Zot:2    | Killed an orb of fire
 99840 | Zot:4    | Reached skill level 25 in Fighting
100582 | Zot:5    | Entered Level 5 of the Realm of Zot
100809 | Zot:5    | Noticed a Killer Klown
100825 | Zot:5    | Killed a Killer Klown
101034 | Zot:5    | Noticed an ancient lich
101051 | Zot:5    | Killed an ancient lich
101079 | Zot:5    | Noticed a Killer Klown
101090 | Zot:5    | Killed a Killer Klown
101095 | Zot:5    | Noticed a Killer Klown
101103 | Zot:5    | Killed a Killer Klown
101125 | Zot:5    | Noticed a Killer Klown
101130 | Zot:5    | Killed a Killer Klown
101134 | Zot:5    | Noticed a Killer Klown
101140 | Zot:5    | Noticed a Killer Klown
101278 | Zot:5    | Killed a Killer Klown
101279 | Zot:5    | Reached XP level 26. HP: 260/260 MP: 36/42
101411 | Zot:5    | Noticed an orb of fire
101415 | Zot:5    | Gained mutation: You are frail. (-10% HP) [an orb of fire]
101415 | Zot:5    | Gained mutation: You are very frail. (-20% HP) [an orb of
                  | fire]
101431 | Zot:5    | Killed an orb of fire
101796 | Zot:5    | Reached skill level 26 in Fighting
101825 | Zot:5    | Noticed an ancient lich
101831 | Zot:5    | Killed an ancient lich
101833 | Zot:5    | Noticed an orb of fire
101834 | Zot:5    | Noticed an ancient lich
102145 | Zot:5    | Gained mutation: You are extremely frail. (-30% HP) [an orb
                  | of fire]
102158 | Zot:5    | Killed an ancient lich
102164 | Zot:5    | Gained mutation: Your magical capacity is low. (-10% MP)
                  | [an orb of fire]
102166 | Zot:5    | Killed an orb of fire
102477 | Zot:5    | Got the Orb of Zot
102487 | Zot:5    | Noticed an ancient lich
102488 | Zot:5    | Killed an ancient lich
102489 | Zot:5    | Noticed an ancient lich
102511 | Zot:5    | HP: 5/176 [electric golem/bolt of lightning (7)]
102512 | Zot:5    | Killed from afar by a black draconian

Illustrated notes

Levels and vault maps discovered:
D:1:      dpeg_arrival_arbitrary_c, layout_basic, chequers_arboretum,
          chequers_jeans
D:2:      layout_rooms, chequers_serial_rivers_large_a, minivault_4,
          roderic_lattice_a, uniq_crazy_yiuf_cottage, uniq_robin
D:3:      layout_rooms, grunt_gozag_statues, chequers_serial_rivers_micro_d
D:4:      corexii_shack_village, layout_rooms
D:5:      layout_basic, nicolae_ru_awakened_eye
D:6:      layout_loops_ring, nicolae_ossuary_entry_plus, serial_bayou_lagoon_a,
          uniq_pikel, uniq_grinder, uniq_maggie
D:7:      layout_basic, regret_index_temple_of_mockery, kennysheep_little_box,
          minmay_temple_entry_fiery, serial_shops, shop_fountains
D:8:      layout_loops_ring, serial_shops,
          nicolae_shop_temple_entry_statues_fountains, enter_bailey_3,
          kennysheep_generic_room_12, uniq_harold
D:9:      layout_loops_ring
D:10:     layout_long_grid, lair_entry_dummy, zombieorc2_lemuel, serial_shops,
          nicolae_shop_trees, small_statue_alley_a, uniq_josephine
D:11:     gammafunk_corrupted_shrine, layout_loops_corners
D:12:     layout_roguey [special_room_orc], corexii_checkpoint_b, uniq_erolcha,
          uniq_rupert
D:13:     layout_rooms, erik_vaults_1, gauntlet_entry_generic, grunt_livestock,
          corexii_corridor_pit, uniq_maurice
D:14:     layout_roguey, serial_shops,
          nicolae_shop_temple_entry_statues_fountains, kennysheep_crisscross,
          nicolae_two_hexagons
D:15:     gammafunk_enter_depths_forms, layout_rooms, minmay_misc_feat_tiny,
          serial_shops, nicolae_shop_crystal, fountainhead,
          minmay_misc_feat_columns
Lair:1:   beast_lair_carwin_large_3, layout_cave_pods
Lair:2:   layout_gridlike, minmay_shattered_shrine, infiniplex_staircase_pool_2
Lair:3:   layout_cave_pods, guppyfry_snake_entry_island,
          portal_ice_cave_demonic_guard, chequers_serial_rivers_small_b,
          grunt_megastairs_1, uniq_sonja
Lair:4:   layout_cave_pods, elwin_shoals_entry_rocks, special_room
          [special_room_mythical_zoo], basic_altar
Lair:5:   layout_gridlike, chequers_serial_rivers_small_b, minivault_11,
          chequers_serial_rivers_marsh, grunt_megastairs_4
Lair:6:   evilmike_catoblepas_cave, layout_concentric_octagons,
          minmay_slime_entry_pillars
Shoals:1: layout_shoals, st_sunken_huts, uniq_roxanne, uniq_kirke
Shoals:2: layout_shoals, nicolae_shoals_undead_eyrie, uniq_polyphemus
Shoals:3: layout_shoals, uniq_donald
Shoals:4: shoals_end_grunt_ice, layout_shoals, uniq_aizul
Snake:1:  layout_misc_corridors
Snake:2:  cheibrodos_snake_lava_hold, layout_chambers, minmay_shop_grove
Snake:3:  layout_misc_corridors, nrook_guardian_serpent_double
Snake:4:  grunt_snake_rune_pools, layout_layer_cave, serial_shops, shop_statue,
          minmay_shop_enchanted_jewellery, grunt_ministairs_6
Slime:1:  layout_caves
Slime:2:  layout_caves
Slime:3:  layout_caves
Slime:4:  layout_caves, basic_altar
Slime:5
Orc:1:    layout_caves, mines1_david
Orc:2:    st_orc_elflike, layout_diamond_mine
Elf:1:    eino_elf_arrival_customs, layout_onion_city, serial_shops,
          nicolae_shop_overgrown_old_shop, minmay_elf_sorcery,
          grunt_ministairs_14, grunt_megastairs_3, uniq_frances
Elf:2:    layout_loops_cross, serial_shops, nicolae_shop_crystal,
          mu_enter_wizlab_5, basic_altar
Elf:3:    minmay_elf_hall_not_hex, layout_geoelf_diagonals, enter_trove_1,
          serial_shops, nicolae_shop_stone, shop, uniq_saint_roka
Vaults:1: v_alt_pattern_2, grunt_vaults_swirl, nicolae_vaults_gold_heap,
          hangedman_vaults_nodes, vaults_mumra_minichess, vaults_room_grid,
          hangedman_vaults_restitches, vaults_dpeg_hooks,
          ontoclasm_vaults_gateway, v_misc_12, dpeg_vaults_waves,
          v_alt_pattern_3, v_misc_19, v_misc_17, layout_vaults_maze,
          serial_glass, serial_shops, nicolae_shop_trees
Vaults:2: hangedman_vaults_hat, nicolae_vaults_border_crossing,
          hangedman_vaults_locks, nicolae_vaults_asterisk, v_misc_18,
          nicolae_vaults_little_ls, vaults_dpeg_diagonal, v_misc_13,
          vaults_mumra_hex, vaults_room_pools, layout_vaults_big_room
Vaults:3: nicolae_vaults_network_star, grunt_vaults_hallway_short,
          grunt_vaults_hallway_short, nicolae_vaults_specimen_jars,
          hangedman_vaults_trim, layout_vaults_omnigrid, dummy_crypt_entry,
          serial_shops, bzr_entry_gold, uniq_margery
Vaults:4: dpeg_vaults_monster_box, nicolae_vaults_network_quinsquares
          [nicolae_vaults_network_quincunx_subvault,
          nicolae_vaults_network_quincunx_subvault,
          nicolae_vaults_network_quincunx_subvault,
          nicolae_vaults_network_quincunx_subvault], vaults_room_boxed,
          v_misc_29, nicolae_vaults_hallways_thing, v_pattern_3,
          vaults_room_door_ring, grunt_vaults_twisty, ontoclasm_vaults_ligature,
          nicolae_vaults_rhombus_5, ontoclasm_vaults_pinch,
          ontoclasm_vaults_twist, vaults_room_semicircle, layout_vaults_ring,
          serial_shops, shop, uniq_sojobo
Depths:1: layout_gridlike, hell_entry, marbit_kobold_abyss_entry,
          kennysheep_generic_room_14, grunt_megastairs_2, firewood_loft,
          minmay_shop_star
Depths:2: four-leaf_vault, layout_gridlike, minmay_strange_pillars,
          grunt_mini_vestibule, kennysheep_inner_square
Depths:3: minmay_the_grid_triangle_9x9_rhombus_full
          [minmay_the_grid_triangle_9x9_warning,
          minmay_the_grid_triangle_9x9_pentomino_pain,
          minmay_the_grid_triangle_9x9_impossible_snake,
          minmay_the_grid_triangle_9x9_negative_grid,
          minmay_the_grid_triangle_9x9_empty,
          minmay_the_grid_triangle_9x9_tough_junction,
          minmay_the_grid_triangle_9x9_steps,
          minmay_the_grid_triangle_9x9_prize_center], layout_cave_pools,
          rand_demon_pan_entry_5, grunt_hell_entry_dis_old, kennysheep_donut,
          abyss_entry, minmay_shop_grid_forest, serial_bayou_shore_b,
          infiniplex_staircase_zigzag_5
Depths:4: minmay_ambush_box, layout_gridville, minmay_staircase_bubble,
          hell_entry, abyss_entry, serial_bayou_shore_b, serial_bayou_shore_b,
          roderic_lattice_octagonal_star, minmay_shoptagon
Depths:5: evilmike_zot_entry_basic, layout_gridlike, enter_ziggurat_d,
          hangedman_abyss_entry_splay, hellmouth_1
Zot:1:    layout_basic, guppyfry_library_mini
Zot:2:    layout_misc_corridors
Zot:3:    kennysheep_blocky_hall, layout_basic
Zot:4:    layout_gridville, st_single_dragon_hoard_3, st_stairs_8
Zot:5:    layout_gridlike, bh_zot_ikea_curve, grunt_ministairs_9, st_stairs_4

Skill      XL: |  1  2  3  4  5  6  7  8  9 10 11 12 13 14 15 16 17 18 19 20 21 22 23 24 25 26 |
---------------+-------------------------------------------------------------------------------+-----
Fighting       | 2 3 4 5 6 8 9 11 12 13 14 15 17 18 20 22 23 24 25 26 | 26.5
Unarmed Combat | 4 5 6 8 9 10 11 12 14 15 16 17 19 20 21 23 24 25 | 25.9
Stealth        | 3 4 0 |  0.0
Hexes          | 1 4 8 10 11 | 11.0
Ice Magic      | 1 2 |  2.0
Spellcasting   | 3 4 5 8 10 12 15 | 15.0
Air Magic      | 2 4 6 |  6.0
Poison Magic   | 2 4 5 7 10 | 10.0
Dodging        | 0 |  0.0
Transmutations | 3 7 10 11 14 16 17 18 | 18.5
Translocations | 3 |  3.0
Conjurations   | 3 5 10 | 10.0
Earth Magic    | 3 8 |  8.0

Action                   |  1- 3 |  4- 6 |  7- 9 | 10-12 | 13-15 | 16-18 | 19-21 | 22-24 | 25-27 || total
-------------------------+-------+-------+-------+-------+-------+-------+-------+-------+-------++-------
Melee: Unarmed           |    88 |   211 |   381 |   675 |   834 |  1584 |  1328 |  1067 |   288 ||  6456
       Tailslap          |    12 |    24 |    46 |    81 |    95 |   175 |   160 |   166 |    44 ||   803
       Headbutt          |     5 |    23 |    44 |    79 |    17 |     1 |       |       |       ||   169
       Kick              |     8 |    37 |    59 |   107 |    30 |     2 |       |       |       ||   243
       Punch             |     2 |     3 |    17 |    36 |    49 |    79 |   113 |   105 |    22 ||   426
       Bite              |       |       |       |       |       |       |       |    63 |    35 ||    98
Throw: Dart              |       |       |    37 |     1 |       |       |     2 |     1 |       ||    41
       Throwing net      |       |       |       |     4 |       |       |       |       |       ||     4
 Cast: Beastly Appendage |    20 |    28 |    45 |    66 |    22 |     1 |       |     1 |       ||   183
       Poisonous Vapours |       |       |    20 |   208 |    89 |       |       |       |       ||   317
       Blade Hands       |       |       |       |    12 |   108 |   189 |   142 |    50 |       ||   501
       Olgreb's Toxic Ra |       |       |       |     3 |     6 |     8 |     6 |     1 |       ||    24
       Ensorcelled Hiber |       |       |       |     2 |       |       |       |       |       ||     2
       Stone Arrow       |       |       |       |       |     1 |       |       |       |       ||     1
       Eringya's Noxious |       |       |       |       |       |     1 |     1 |       |       ||     2
       Statue Form       |       |       |       |       |       |       |     7 |     6 |       ||    13
       Silence           |       |       |       |       |       |       |     1 |       |     1 ||     2
       Irradiate         |       |       |       |       |       |       |       |     1 |       ||     1
       Dragon Form       |       |       |       |       |       |       |       |    44 |    29 ||    73
       Wereblood         |       |       |       |       |       |       |       |     4 |     3 ||     7
       Ozocubu's Armour  |       |       |       |       |       |       |       |     2 |       ||     2
       Swiftness         |       |       |       |       |       |       |       |       |     1 ||     1
Invok: Sacrifice Artific |       |       |     1 |       |       |       |       |       |       ||     1
       Sacrifice Nimblen |       |       |       |     1 |       |       |       |       |       ||     1
       Sacrifice Stealth |       |       |       |     1 |       |       |       |       |       ||     1
       Sacrifice Love    |       |       |       |     1 |       |       |       |       |       ||     1
       Apocalypse        |       |       |       |       |     8 |     4 |     7 |     5 |       ||    24
       Power Leap        |       |       |       |       |     2 |     1 |     1 |     2 |       ||     6
       Draw Out Power    |       |       |       |       |       |       |     2 |       |     2 ||     4
 Abil: Breathe Dispellin |       |       |     2 |     2 |       |       |       |     2 |       ||     6
       End Transformatio |       |       |       |       |       |       |     3 |     3 |       ||     6
Evoke: Wand              |       |       |     1 |       |       |       |       |       |       ||     1
  Use: Potion            |     1 |     3 |       |     3 |     4 |     8 |    19 |     6 |     2 ||    46
       Scroll            |       |     1 |     5 |    13 |    10 |    15 |    19 |    12 |     9 ||    84
 Stab: Sleeping          |       |       |     2 |     4 |       |       |       |       |       ||     6
       Distracted        |       |       |       |     4 |     8 |    13 |     9 |     6 |     2 ||    42
       Paralysed         |       |       |       |    12 |     7 |    33 |    28 |     9 |       ||    89
       Invisible         |       |       |       |     3 |    16 |    16 |    10 |    14 |       ||    59
       Petrifying        |       |       |       |       |     1 |       |       |       |       ||     1
Armor: Skin              |    18 |    90 |   105 |   252 |   156 |   264 |   299 |   387 |    74 ||  1645
Dodge: Dodged            |    53 |   168 |   175 |   340 |   561 |   855 |   670 |   499 |    69 ||  3390
